Kradschützen Motorcycle Team
Selects Italian Combined Arms Battlegroup
Selects Bersaglieri Squad
Kradschützen Motorcycle Team
Construct Light Support Kompanie
Selects Bersaglieri Bolster
le.IG 18 Mechanized Group
Selects Breda Model 30 Light Machine Guns
Construct Mechanized Kompanie
Kradschützen Motorcycle Team
Marder III Tank Destroyer
Selects Semovente da 75/18 Assault Gun
Construct Panzerarmee Kommand
Semovente da 75/18 Assault Gun
Marder III Tank Destroyer
Marder III Tank Destroyer
Walking Stuka Rocket Launcher
Semovente da 75/18 Assault Gun